Map: Thunderbird LE

Players

Vanya

  • Race: Zerg Zerg
  • Spawn Location: 5:00

riddle (THERIDDLER) - Winner!

  • Race: Terran Terran
  • Spawn Location: 11:00

Event: NationWars 2019

VOD

Have the link to the VOD?

Description

Time

  • Played on: Nov. 15, 2019, 2:27 p.m.
  • Length: 19:18
Show
View Real Time Build Order
Export as new Build Order

Vanya Zerg 

Build Orders: Hatch First, Swarm Host 

Get SALT Encoding   

  12  0:00  Drone  
  13  0:12  Overlord  
  13  0:17  Drone  
  14  0:31  Drone x2  
  16  0:47  Hatchery  
  15  0:51  Drone  
  15  0:54  Drone  
  17  0:57  Drone  
  18  1:08  Extractor  
  17  1:12  Spawning Pool  
  17  1:15  Drone  
  17  1:19  Drone  
  18  1:28  Drone  
  19  1:39  Drone  
  20  1:49  Overlord  
  20  1:59  Queen x2  
  20  2:00  Zergling x4  
  26  2:13  Drone x2, Metabolic Boost  
  28  2:22  Drone x2  
  30  2:33  Hatchery  
  30  2:35  Drone  
  30  2:43  Queen  
  32  2:47  Overlord  
  32  2:50  Drone  
  33  2:53  Drone  
  33  2:55  Drone  
  33  2:58  Drone  
  36  3:03  Pneumatized Carapace  
  36  3:11  Drone  
  36  3:12  Drone x3  
  40  3:14  Overlord  
  40  3:20  Spore Crawler  
  40  3:24  Queen  
  42  3:30  Overlord  
  42  3:34  Drone x2  
  44  3:45  Queen  
  44  3:46  Drone  
  44  3:47  Drone  
  44  3:48  Drone  
  49  3:51  Zergling x8  
  53  3:59  Drone  
  53  4:02  Roach Warren  
  53  4:03  Queen  
  53  4:08  Overlord  
  56  4:10  Drone x3  
  56  4:16  Overlord  
  56  4:17  Overlord  
  58  4:27  Drone x7  
  58  4:28  Overlord  
  65  4:42  Lair, Extractor  
  65  4:43  Roach x4, Extractor  
  71  4:46  Roach  
  73  4:53  Overlord  
  73  4:57  Roach  
  73  4:58  Drone  
  73  4:59  Drone x5  
  81  5:07  Overlord  
  81  5:11  Overlord  
  81  5:13  Roach  
  81  5:14  Roach  
  85  5:17  Overlord  
  85  5:21  Extractor  
  84  5:22  Drone  
  84  5:23  Drone x6, Extractor  
  90  5:30  Overlord  
  90  5:31  Drone x2  
  90  5:33  Drone  
  92  5:42  Drone x3  
  95  5:48  Extractor  
  95  5:49  Drone x2  
  94  5:53  Roach  
  94  5:54  Roach x5  
  106  5:59  Evolution Chamber  
  106  6:00  Evolution Chamber  
  106  6:03  Hatchery  
  103  6:04  Overlord  
  103  6:07  Overlord  
  103  6:08  Roach x2  
  108  6:12  Drone  
  108  6:13  Drone  
  108  6:16  Drone x3  
  113  6:18  Drone  
  113  6:19  Drone  
  113  6:21  Drone x3  
  116  6:26  Drone x3  
  116  6:28  Zerg Missile Weapons Level 1  
  116  6:30  Zerg Ground Armor Level 1  
  118  6:37  Roach  
  118  6:38  Roach x3  
  125  6:46  Roach  
  125  6:47  Roach x2  
  129  6:50  Overlord  
  128  6:55  Overlord  
  128  6:56  Overlord  
  128  7:01  Overlord  
  128  7:04  Overlord  
  128  7:06  Overlord  
  124  7:10  Drone  
  124  7:11  Drone x5  
  120  7:16  Drone  
  120  7:19  Drone x2  
  120  7:22  Drone x2  
  121  7:29  Drone  
  117  7:31  Drone x2  
  117  7:34  Drone  
  120  7:39  Glial Reconstitution  
  120  7:40  Overlord  
  120  7:42  Drone x2  
  122  7:49  Roach x4  
  130  7:58  Drone x6  
  136  8:07  Infestation Pit  
  136  8:08  Baneling Nest  
  136  8:09  Zergling x16  
  142  8:17  Drone  
  142  8:18  Drone x2  
  142  8:19  Drone x2  
  146  8:22  Zergling x4  
  146  8:26  Zerg Ground Armor Level 2  
  146  8:27  Zerg Melee Weapons Level 1  
  148  8:31  Drone x2  
  148  8:33  Drone x9  
  154  8:43  Overlord  
  154  8:45  Ravager x6  
  154  8:46  Hatchery, Ravager x4  
  154  8:47  Zergling x14  
  170  8:54  Centrifical Hooks  
  170  8:56  Hive  
  170  8:57  Zergling x2, Extractor  
  170  8:58  Zergling x4  
  172  9:08  Baneling x16  
  172  9:14  Zergling x18  
  181  9:18  Drone  
  181  9:21  Overseer  
  180  9:25  Spire, Overlord  
  180  9:26  Extractor  
  178  9:36  Drone  
  178  9:37  Drone x2  
  181  9:38  Zergling x18  
  181  9:39  Zergling x2  
  188  9:50  Zergling x18  
  198  9:56  Zergling x8  
  192  10:02  Zergling x2  
  192  10:03  Zergling x10  
  190  10:10  Ravager x3  
  190  10:11  Ravager x3  
  194  10:14  Drone x2, Overlord  
  194  10:24  Overlord  
  178  10:30  Overlord  
  178  10:32  Drone x2  
  178  10:35  Zerg Melee Weapons Level 2, Extractor  
  179  10:36  Extractor  
  179  10:40  Corruptor x4, Greater Spire  
  179  10:42  Zerg Missile Weapons Level 2  
  186  10:43  Overlord  
  186  10:45  Drone x2  
  186  10:46  Drone  
  186  10:47  Drone x2  
  186  10:48  Drone  
  192  11:04  Overlord  
  192  11:06  Baneling x10  
  192  11:10  Overlord  
  192  11:13  Baneling x9  
  192  11:21  Overlord  
  192  11:30  Overlord  
  189  11:39  Overlord  
  189  11:40  Corruptor x2  
  193  11:47  Baneling x5  
  193  11:48  Baneling x6  
  193  11:53  Brood Lord x3  
  199  11:59  Brood Lord  
  199  12:00  Hatchery  
  189  12:05  Zergling x2  
  189  12:06  Zergling x36  
  194  12:12  Brood Lord x2  
  197  12:20  Zergling x16  
  200  12:29  Baneling x7  
  190  12:30  Baneling  
  184  12:41  Queen  
  176  12:44  Zergling x16  
  176  12:45  Zergling x12  
  176  12:49  Ravager x8  
  176  12:50  Ravager  
  199  12:57  Zergling x12  
  199  12:58  Zergling x2  
  175  13:01  Baneling  
  175  13:02  Baneling  
  175  13:06  Roach x4  
  175  13:11  Baneling  
  175  13:12  Baneling x8  
  183  13:20  Zergling x16  
  179  13:34  Zergling x18  
  145  13:37  Zergling x2  
  136  13:44  Zergling x12  
  142  13:52  Adrenal Glands  
  140  13:55  Zergling x2  
  140  13:56  Zergling x12  
  140  14:12  Swarm Host x7  
  161  14:17  Zerg Missile Weapons Level 3  
  161  14:21  Baneling x3  
  161  14:22  Baneling x6  
  161  14:23  Ravager  
  162  14:33  Roach x6  
  170  14:39  Drone x4  
  170  14:40  Drone x2  
  171  14:48  Swarm Host  
  171  14:49  Swarm Host x2  
  176  15:07  Drone x3  
  176  15:08  Swarm Host x6  
  194  15:23  Hatchery  
  194  15:26  Ravager x6  
  199  15:36  Overseer  
  199  15:55  Zerg Flyer Weapons Level 1  
  193  16:24  Zergling x8  
  193  16:25  Zergling x12  
  198  16:39  Zergling x26  
  172  16:47  Roach x15  
  198  17:00  Roach x6  
  195  17:04  Hatchery  
  180  17:11  Roach x7  
  180  17:14  Overlord  
  164  17:25  Overlord  
  164  17:28  Overlord  
  142  17:31  Overlord  
  142  17:36  Overlord  
  116  17:48  Ravager x10  
  116  17:49  Ravager x3  
  116  17:50  Zergling x10  
  134  17:55  Zergling x2  
  134  17:56  Zergling x4  
  134  18:06  Zergling x2  
  134  18:07  Zergling x4  
  134  18:12  Roach x3  
  113  18:25  Drone x3  
  115  18:27  Drone  
Show
View Real Time Build Order
Export as new Build Order

riddle Terran - Winner!

Build Orders: Reaper Expand, Mech 

Get SALT Encoding   

  12  0:01  SCV  
  13  0:13  SCV  
  14  0:17  Supply Depot  
  14  0:25  SCV  
  15  0:38  SCV  
  15  0:41  Barracks  
  16  0:43  Refinery  
  16  0:50  SCV  
  17  1:02  SCV  
  18  1:15  SCV  
  19  1:27  Reaper  
  19  1:28  Orbital Command  
  20  1:38  Command Center  
  20  1:48  Barracks  
  20  1:54  SCV  
  21  2:00  Barracks Reactor  
  21  2:04  Supply Depot  
  21  2:06  SCV  
  22  2:13  Refinery  
  22  2:18  SCV  
  23  2:28  Factory  
  23  2:30  SCV  
  23  2:36  Marine x2  
  23  2:37  Barracks Tech Lab  
  26  2:43  SCV  
  27  2:50  Orbital Command  
  27  2:54  Marine  
  27  2:55  Stimpack  
  27  2:57  SCV  
  29  3:02  Marine  
  30  3:06  Marine  
  30  3:09  SCV  
  30  3:12  Marine  
  33  3:18  Starport  
  33  3:20  SCV  
  33  3:21  SCV  
  33  3:23  Factory Reactor  
  33  3:24  Marine  
  36  3:28  Marine  
  37  3:34  Supply Depot  
  37  3:36  Marine  
  37  3:38  SCV  
  37  3:39  SCV  
  40  3:41  Marine  
  41  3:50  SCV, Marine  
  41  3:51  SCV  
  41  3:54  Marine  
  44  4:02  SCV  
  45  4:03  SCV, Marine  
  45  4:05  Medivac x2  
  45  4:06  Supply Depot  
  51  4:10  Supply Depot  
  51  4:11  Marine  
  51  4:14  SCV  
  51  4:15  SCV  
  54  4:28  SCV  
  54  4:30  SCV  
  58  4:33  Liberator  
  58  4:34  Liberator  
  58  4:36  Command Center  
  58  4:37  Supply Depot  
  58  4:45  SCV  
  57  4:47  Supply Depot  
  57  4:48  SCV  
  57  4:49  Hellion  
  66  4:55  Refinery  
  66  4:57  SCV  
  67  5:00  SCV  
  67  5:04  Refinery, Hellion  
  70  5:09  SCV  
  70  5:15  Hellion  
  70  5:16  Armory, SCV  
  70  5:20  Supply Depot  
  73  5:24  Liberator  
  73  5:25  SCV  
  73  5:26  Hellion  
  76  5:29  SCV  
  76  5:36  Hellion  
  76  5:37  SCV  
  76  5:41  Factory  
  82  5:44  SCV  
  82  5:48  Hellion  
  84  5:54  Barracks Tech Lab  
  84  5:56  Orbital Command  
  84  5:57  Factory  
  84  6:02  Hellion  
  84  6:03  Refinery  
  86  6:06  Terran Vehicle Weapons Level 1  
  86  6:08  Liberator  
  86  6:10  SCV, Refinery  
  87  6:12  SCV  
  87  6:14  Hellion  
  87  6:22  SCV  
  88  6:27  SCV  
  92  6:34  SCV  
  92  6:35  Orbital Command  
  92  6:38  Supply Depot, Siege Tank, Hellion x6  
  92  6:39  SCV, Hellion  
  96  6:47  SCV  
  96  6:52  SCV  
  97  6:54  Siege Tank  
  97  6:57  Hellion  
  97  6:59  SCV  
  97  7:00  Liberator x2  
  97  7:01  Hellion  
  105  7:03  SCV  
  105  7:04  SCV  
  102  7:10  Hellion  
  102  7:11  SCV  
  102  7:16  SCV x2  
  102  7:19  Hellion  
  102  7:22  Hellion  
  112  7:29  SCV  
  96  7:32  SCV  
  96  7:33  Supply Depot, Factory  
  96  7:34  Factory  
  96  7:35  SCV  
  96  7:36  Supply Depot  
  98  7:39  Thor  
  98  7:41  SCV  
  98  7:44  SCV  
  106  7:47  SCV  
  106  7:49  Supply Depot  
  106  7:50  Siege Tank, Supply Depot  
  106  7:51  Hellion x2  
  114  7:57  Armory  
  114  8:00  Terran Vehicle And Ship Armor Level 1  
  114  8:03  Supply Depot  
  114  8:05  Viking x2  
  118  8:12  Hellion  
  120  8:16  Hellion  
  120  8:17  Factory Reactor  
  120  8:18  Factory Tech Lab  
  122  8:22  Siege Tank  
  122  8:26  Supply Depot  
  125  8:27  Siege Tank  
  125  8:31  Command Center  
  124  8:37  Hellion x2  
  117  8:42  Infernal Pre-Igniter, Supply Depot  
  117  8:45  Terran Vehicle Weapons Level 2, Hellion x3  
  119  8:54  Hellion  
  121  8:58  Siege Tank  
  121  9:00  Hellion  
  121  9:01  Hellion x3  
  132  9:12  Medivac x2, Hellion  
  132  9:15  Siege Tank  
  141  9:22  Hellion x3  
  149  9:24  Hellion  
  149  9:31  Siege Tank  
  150  9:33  Hellion  
  152  9:42  Viking  
  152  9:43  Hellion x2  
  152  9:45  Siege Tank  
  161  9:47  Siege Tank  
  161  9:49  Hellion  
  161  9:52  Supply Depot  
  166  9:53  Medivac  
  166  9:57  Supply Depot, Hellion  
  167  10:03  Siege Tank  
  158  10:08  Hellion  
  158  10:11  Refinery, Hellion  
  158  10:12  Hellion  
  153  10:17  Siege Tank  
  153  10:18  Refinery  
  153  10:19  Siege Tank  
  159  10:27  Hellion  
  158  10:30  Hellion  
  158  10:34  Hellion x2  
  158  10:35  Siege Tank  
  167  10:44  Engineering Bay, Orbital Command  
  167  10:49  Siege Tank  
  170  10:51  Viking x2  
  170  10:52  Siege Tank, Hellion  
  170  10:55  Hellion  
  181  11:02  Factory  
  181  11:03  Factory, Hellion  
  183  11:07  SCV, Siege Tank  
  187  11:19  Hellion x2  
  187  11:21  Viking x2  
  195  11:49  Thor  
  195  11:50  Factory Tech Lab  
  195  11:51  Factory Reactor  
  197  12:00  Viking x2, Hellion x3  
  175  12:09  Thor x3  
  191  12:22  Hellion  
  174  12:30  Viking x2, Hellion x2  
  174  12:32  Siege Tank  
  171  12:45  Hellion x2  
  175  12:52  Siege Tank x3  
  175  12:57  Hellion x2  
  155  13:00  Viking  
  155  13:01  Hellion x2  
  155  13:03  SCV x2  
  155  13:04  SCV  
  155  13:05  Siege Tank  
  167  13:17  Viking  
  167  13:18  Hellion  
  167  13:22  Sensor Tower  
  167  13:24  Siege Tank  
  167  13:25  Siege Tank  
  169  13:30  Viking  
  169  13:31  Siege Tank  
  169  13:33  Hellion  
  139  13:37  Siege Tank  
  139  13:38  Hellion x3  
  136  13:47  Viking  
  142  13:48  Hellion x2  
  142  13:49  Hellion x4  
  142  13:54  Command Center  
  142  13:59  Siege Tank, Hellion x2  
  142  14:00  Terran Vehicle Weapons Level 3  
  142  14:02  Terran Vehicle And Ship Armor Level 2  
  149  14:09  Hellion x4  
  157  14:17  Starport x2  
  157  14:30  Thor, Siege Tank, Hellion x2  
  170  14:32  Hellion  
  172  14:43  Thor  
  172  14:44  Hellion x3  
  168  14:47  Hellion  
  168  14:51  Hellion  
  168  14:52  Hellion  
  174  14:56  Hellion  
  176  15:01  Viking  
  176  15:02  Siege Tank, Starport Reactor, Starport Tech Lab  
  169  15:16  Hellion  
  169  15:18  Thor, Viking  
  179  15:21  Thor  
  185  15:31  Viking  
  185  15:35  Thor  
  187  15:42  Viking x3  
  199  15:47  Sensor Tower  
  197  15:51  Hellion  
  197  16:24  Siege Tank, Hellion  
  190  16:30  Siege Tank, Hellion  
  190  16:31  Siege Tank, Hellion  
  188  16:33  Siege Tank  
  188  16:35  Hellion  
  188  16:37  Hellion x2  
  177  16:49  Hellion  
  177  16:51  Hellion  
  177  16:53  Hellion  
  177  16:56  Siege Tank  
  177  16:57  Hellion  
  177  16:58  Hellion  
  184  17:02  Siege Tank, Hellion  
  184  17:03  Siege Tank, Hellion  
  184  17:05  Siege Tank  
  185  17:11  Hellion  
  185  17:13  Hellion  
  185  17:14  Hellion  
  175  17:18  Hellion  
  175  17:19  Hellion  
  177  17:24  Hellion  
  177  17:28  Siege Tank  
  177  17:30  SCV x2  
  177  17:32  Hellion  
  177  17:34  Siege Tank, Hellion  
  177  17:35  Siege Tank, Hellion  
  165  17:46  Hellion  
  165  17:48  Planetary Fortress  
  165  17:54  Banshee, Viking  
  170  18:01  Siege Tank  
  163  18:06  Siege Tank  
  163  18:07  Siege Tank, Viking  
  159  18:18  Hellion x3  
  160  18:27  Hellion x3  
  160  18:28  Hellion x4  
  160  18:33  Siege Tank  
  167  18:38  Hellion  
  167  18:39  Hellion  
  144  18:48  Hellion x3  
  144  18:50  Hellion x2  
Tags
 
Add a new tag
Caveats
  • Supply blocks, unpowered buildings, or Contaminate may cause inaccurate times.
  • Supply counts are checked every 10 seconds.